 Dungeon Crawl Stone Soup version 0.21-a0-584-g185da8e (webtiles) character file.

86 sithsevirus the Shield-Bearer (level 4, -2/31 HPs)
             Began as an Octopode Fighter on Dec 21, 2017.
             Slain by a gnoll
             ... wielding a +0 halberd
              (12 damage)
             ... on level 2 of the Dungeon.
             The game lasted 00:03:51 (1776 turns).

sithsevirus the Shield-Bearer (Octopode Fighter)    Turns: 1776, Time: 00:03:52

Health: -2/31      AC:  1    Str: 16    XL:     4   Next: 50%
Magic:  4/4        EV: 12    Int: 10    God:
Gold:   52         SH:  9    Dex: 11    Spells: 3/3 levels left

rFire    . . .     SeeInvis .   a - +0 trident
rCold    . . .     Gourm    .   b - +0 shield
rNeg     . . .     Faith    .   (helmet restricted)
rPois    .         Spirit   .   (no amulet)
rElec    .         Reflect  .   (no ring)
rCorr    .         Harm     .   (no ring)
MR       .....                  (no ring)
Stlth    +++.......             (no ring)
HPRegen  0.10/turn              (no ring)
MPRegen  0.09/turn              (no ring)
                                (no ring)
                                (no ring)

@: no status effects
A: almost no armour, stealthy swim, amphibious, 8 rings, constrict 8, camouflage
1, gelatinous body 1
a: no special abilities


You were on level 2 of the Dungeon.
You were not hungry.

You visited 1 branch of the dungeon, and saw 2 of its levels.

You collected 52 gold pieces.

Inventory:

Hand Weapons
 a - a +0 trident (weapon)
 i - a +0 hunting sling
Missiles
 h - 101 stones (quivered)
Armour
 b - a +0 shield (worn)
Scrolls
 e - 3 scrolls of identify {unknown}
 j - a scroll of enchant armour {unknown}
 k - a scroll of blinking {unknown}
 l - a scroll of remove curse {unknown}
Potions
 c - a potion of might
 f - a potion of resistance {unknown}
 g - 2 potions of curing
Comestibles
 d - 4 rations


   Skills:
 + Level 3.4 Fighting
 + Level 2.6 Polearms
 + Level 3.5 Dodging
 + Level 2.4 Stealth
 + Level 3.5 Shields


You had 3 spell levels left.
You didn't know any spells.

Dungeon Overview and Level Annotations

Branches:
Dungeon (2/15)

Altars:
Uskayaw


Innate Abilities, Weirdness & Mutations

You cannot wear most types of armour.
You are very stealthy in the water. (Stealth+)
You are amphibious.
You can wear up to eight rings at the same time.
You can use your tentacles to constrict eight enemies at once.
Your skin changes colour to match your surroundings (Stealth+).
Your rubbery body absorbs attacks. (AC +1, EV +1)


Message History

You constrict the gnoll. The gnoll barely misses you.
You block the gnoll's attack.
Your shield prevents you from hitting the gnoll.
The gnoll is severely wounded.
You constrict the gnoll.
You kill the gnoll!
The gnoll barely misses you.
Attack whom?
Press: ? - help, Dir - move target cursor, f/p - gnoll
Aim: a gnoll, wielding a halberd (moderately wounded)
You reach to attack!
You hit the gnoll but do no damage.
The gnoll is moderately wounded.
The gnoll closely misses you. The gnoll closely misses you.
Things that are here:
a club; a whip; a gnoll corpse You hit the gnoll.
You grab the gnoll. You squeeze the gnoll.
The gnoll is heavily wounded.
You constrict the gnoll. The gnoll hits you with a halberd!
You die...

## ## #. .#
#.#.# #...#
##.##
####g..######
+..@.........
####...######
##.## #..#
##.# #+# #.#
#.# #.# #.#
#.# ##.## #.#


You could see a gnoll.

Vanquished Creatures
  4 gnolls
  An adder (D:2)
  An ooze (D:1)
  A dart slug (D:1)
  A giant cockroach (D:2)
  4 goblins
  6 hobgoblins
  6 kobolds
  2 bats
  3 frilled lizards
  5 rats (D:1)
34 creatures vanquished.

Notes
Turn   | Place    | Note
-------+----------+-------------------------------------------
     0 | D:1      | sithsevirus the Octopode Fighter began the quest for the Orb.
     0 | D:1      | Reached XP level 1. HP: 16/16 MP: 1/1
   242 | D:1      | Reached skill level 1 in Stealth
   242 | D:1      | Reached XP level 2. HP: 21/21 MP: 2/2
   317 | D:1      | Reached XP level 3. HP: 18/26 MP: 3/3
  1669 | D:2      | Found a hide-covered altar of Uskayaw.
  1766 | D:2      | Reached XP level 4. HP: 11/31 MP: 4/4
  1776 | D:2      | Slain by a gnoll

Vault maps used:
D:1:      saegor_arrival_simple_f, nrook_loot_triangle, st_stairs_9
D:2:      overflow_temple_1_default

Skill      XL: |  1  2  3 |
---------------+----------+-----
Stealth        | 1 2 |  2.4
Fighting       | |  3.4
Polearms       | |  2.6
Dodging        | |  3.5
Shields        | |  3.5

Action                   |  1- 3 |  4- 6 || total
-------------------------+-------+-------++-------
Melee: Trident           |    70 |     9 ||    79
       Constrict         |    15 |     3 ||    18
       Tentacles         |    10 |     2 ||    12
  Use: Potion            |     1 |       ||     1
 Stab: Sleeping          |     9 |       ||     9
       Distracted        |     1 |       ||     1
  Eat: Ration            |     1 |       ||     1
       Chunk             |     1 |       ||     1
Armor: Skin              |     2 |       ||     2
Dodge: Dodged            |    20 |     6 ||    26
Block: Shield            |    18 |     3 ||    21

Table legend:
 A = Spawn XP
 B = Non-spawn XP
 C = Spawn XP percentage of total XP
 D = Spawn monster count
 E = Non-spawn monster count
 F = Spawn count percentage of total count
 G = Total turns spent on level
                    A         B        C        D         E        F      G
               +---------+---------+-------+---------+---------+-------+---------
         Total |       0 |     124 |   0.0 |       0 |      34 |   0.0 |  1776
               +---------+---------+-------+---------+---------+-------+---------
           D:1 |       0 |      49 |   0.0 |       0 |      20 |   0.0 |  1126
           D:2 |       0 |      75 |   0.0 |       0 |      14 |   0.0 |   650
               +---------+---------+-------+---------+---------+-------+---------
